 Dungeon Crawl Stone Soup version 0.27-a0-1529-g1e82c303ef (webtiles) character file.

Game seed: 12135177572561970773

22215 Demosthentine the Impaler (level 12, -4/101 HPs)
             Began as a Merfolk Gladiator on July 11, 2021.
             Was the Champion of the Shining One.
             Slain by a white ugly thing (30 damage)
             ... on level 13 of the Dungeon.
             The game lasted 00:13:30 (15941 turns).

Demosthentine the Impaler (Merfolk Gladiator)      Turns: 15941, Time: 00:13:32

Health: -4/101     AC: 12    Str: 16    XL:     12   Next: 98%
Magic:  0/18       EV: 24    Int:  8    God:    the Shining One [******]
Gold:   2027       SH:  0    Dex: 24    Spells: 11/11 levels left

rFire    . . .     SeeInvis .   a - +1 trident (venom)
rCold    . . .     Faith    .   (no shield)
rNeg     + + +     Spirit   +   l - +0 troll leather armour
rPois    +         Reflect  .   c - +1 helmet
rElec    .         Harm     .   s - +1 cloak {rPois}
rCorr    .         Rampage  .   x - +0 pair of gloves
Will     .....                  z - +0 pair of boots
Stlth    +.........             j - amulet of guardian spirit
HPRegen  1.26/turn              b - +6 ring of dexterity
MPRegen  0.16/turn              (no ring)

@: glowing
A: (nimble swimmer 2), mertail
a: Renounce Religion, Divine Shield, Cleansing Flame, Summon Divine Warrior,
Brand Weapon With Holy Wrath


You were on level 13 of the Dungeon.
You worshipped the Shining One.
The Shining One was exalted by your worship.
You visited 2 branches of the dungeon, and saw 14 of its levels.
You also visited: Sewer and Ossuary.

You collected 2027 gold pieces.

Inventory:

Hand Weapons
 a - a +1 trident of venom (weapon)
Missiles
 d - 4 throwing nets (quivered)
 f - 3 curare-tipped darts
 C - 5 atropa-tipped darts
Armour
 c - a +1 helmet (worn)
 l - a +0 troll leather armour (worn)
 s - a +1 cloak of poison resistance (worn)
 x - a +0 pair of gloves (worn)
 z - a +0 pair of boots (worn)
Jewellery
 b - a +6 ring of dexterity (left hand)
 j - an amulet of guardian spirit (around neck)
Wands
 A - a wand of iceblast (10)
 E - a wand of paralysis (1)
Scrolls
 e - 6 scrolls of fog
 k - 3 scrolls of teleportation
 r - 5 scrolls of amnesia
 t - 5 scrolls of enchant armour
 v - 4 scrolls of brand weapon
 w - a scroll of magic mapping
 y - 4 scrolls of identify
 B - a scroll of silence
Potions
 g - 10 potions of curing
 h - 3 potions of might
 i - 2 potions of cancellation
 m - 4 potions of flight
 n - a potion of lignification
 o - 4 potions of mutation
 p - 4 potions of magic
 q - 7 potions of haste
 u - 3 potions of brilliance


   Skills:
 + Level 11.7 Fighting
 + Level 15.0 Polearms
 - Level 2.0 Throwing
 - Level 5.8 Armour
 + Level 13.9 Dodging
 + Level 8.1 Invocations


You had 11 spell levels left.
You didn't know any spells.
Your spell library contained the following spells:

 Spells                   Type           Power      Damage    Failure   Level
 Beastly Appendage        Tmut           0%         N/A       45%         1
 Foxfire                  Conj/Fire      0%         2x1d4     45%         1
 Sting                    Tmut/Pois      0%         1d3       45%         1
 Poisonous Vapours        Pois/Air       0%         N/A       61%         2
 Sublimation of Blood     Necr           0%         N/A       61%         2
 Wereblood                Tmut           0%         N/A       61%         2
 Ozocubu's Armour         Ice            0%         N/A       83%         3
 Spider Form              Tmut/Pois      0%         N/A       83%         3
 Animate Armour           Summ/Erth      0%         N/A       99%         4
 Olgreb's Toxic Radiance  Pois           0%         N/A       99%         4
 Blade Hands              Tmut           0%         N/A       100%        5
 Metabolic Englaciation   Hex/Ice        0%         N/A       100%        5
 Iron Shot                Conj/Erth      0%         9d1       100%        6
 Simulacrum               Ice/Necr       0%         N/A       100%        6
 Summon Hydra             Summ           0%         N/A       100%        7


Dungeon Overview and Level Annotations

Branches:
Dungeon (13/15)            Temple (1/1) D:5            Lair (0/6) D:11
    Orc (0/2) D:9           Sewer (visited)         Ossuary (visited)
 Vaults: D:13-14

Altars:
Ashenzari
Cheibriados
Dithmenos
Elyvilon
Fedhas
Gozag
Hepliaklqana
Kikubaaqudgha
Makhleb
Nemelex Xobeh
Okawaru
Qazlal
Ru
Sif Muna
Trog
Uskayaw
Vehumet
Wu Jian
Xom
Yredelemnul
Zin
The Shining One

Portals:
Trove: D:11 (give 5 potions of resistance)

Annotations:
D:8 3 runed translucent doors, wesbby's ghost, novice MiBe


Innate Abilities, Weirdness & Mutations

((You are quick and stealthy near water. (Stealth+, EV+, Speed+++)))
Your lower body shifts to a powerful aquatic tail in water.


Message History

The very large slime creature is almost dead.
You hit the very large slime creature but do no damage.
The very large slime creature is almost dead.
You kill the very large slime creature!
Your Polearms skill increases to level 15!
Unknown command.
You hit the white ugly thing.
The white ugly thing is poisoned.
The white ugly thing is lightly wounded.
The white ugly thing misses you.
You hit the white ugly thing.
The white ugly thing looks as sick as possible!
The white ugly thing is lightly wounded.
Unknown command.
You hit the white ugly thing but do no damage.
The white ugly thing is lightly wounded.
The white ugly thing gores you! The white ugly thing freezes you!
The red ugly thing basks in the mutagenic energy from its kin and changes!
You puncture the white ugly thing!
The white ugly thing looks as sick as possible!
The white ugly thing is moderately wounded.
The white ugly thing gores you but does no damage.
You barely miss the white ugly thing.
The white ugly thing is moderately wounded.
You hit the white ugly thing.
The white ugly thing is moderately wounded.
The white ugly thing barely misses you.
You hit the white ugly thing.
The white ugly thing looks as sick as possible!
The white ugly thing is moderately wounded.
You hit the white ugly thing.
The white ugly thing looks as sick as possible!
The white ugly thing is heavily wounded.
The white ugly thing gores you. The white ugly thing freezes you!!
You puncture the white ugly thing!
The white ugly thing looks as sick as possible!
The white ugly thing is heavily wounded.
The white ugly thing gores you!
* * * LOW HITPOINT WARNING * * *
The white ugly thing freezes you!!
You die...

###..###... #...##
#### ####'##### #
####........#
####+#####..'........#
........##.##........#
........##.##........#
.(......##.##........#
.......uu@.##........+
.......9#####........#
........# ###+######
####.#### ... ... ...
..u


You could see 2 ugly things and a gargoyle.

Vanquished Creatures
  A boulder beetle (D:12)
  Harold (D:11)
  2 hydras
  A centaur warrior (D:10)
  2 two-headed ogres
  A tengu warrior (D:13)
  Urug (D:11)
  A deep elf pyromancer (D:12)
  6 ugly things
  A manticore (D:13)
  3 cyclopes
  A gargoyle (D:12)
  An unseen horror (D:12)
  A komodo dragon (D:11)
  A kobold demonologist (D:9)
  A tengu conjurer (D:13)
  4 trolls
  Grinder (D:5)
  A hornet (D:11)
  9 slime creatures
  A shadow (D:11)
  A wraith (D:9)
  3 yaks (D:12)
  2 wyverns
  Grum (D:9)
  8 vampire mosquitoes
  A steam dragon (D:10)
  An acid dragon (D:9)
  2 water moccasins
  A swamp drake (D:9)
  3 orc warriors
  3 black bears
  2 wolves (D:9)
  3 ogres
  5 necrophages (D:6)
  A phantom (D:4)
  2 centaurs (D:11)
  6 kobold brigands
  4 elf zombies (Ossuary)
  2 bullfrogs (D:8)
  A scorpion (D:7)
  A wyvern zombie (D:6)
  A wyvern skeleton (D:6)
  A water moccasin skeleton (D:6)
  6 killer bees (D:10)
  A howler monkey (D:10)
  4 wights (D:6)
  2 bullfrog zombies (D:6)
  6 centaur zombies
  A human zombie (D:6)
  A jelly (D:5)
  Crazy Yiuf (D:4)
  5 orc priests
  2 hounds
  A gnoll shaman (D:8)
  7 iguanas
  8 orc wizards
  2 hound skeletons (D:5)
  4 mummies
  4 howler monkey zombies
  10 gnolls
  A howler monkey skeleton (D:7)
  9 adders
  4 river rats
  A shadow imp (D:8)
  2 white imps
  An adder zombie (Ossuary)
  5 worms
  6 dart slugs
  27 orcs
  9 ball pythons
  2 bat skeletons (D:3)
  2 bat zombies (D:3)
  7 endoplasms
  A giant cockroach (D:2)
  5 hobgoblins
  13 jackals
  3 quokkas
  11 bats
  4 frilled lizards
  8 goblins
  A goblin zombie (Ossuary)
  10 hobgoblin zombies (Ossuary)
  A jackal zombie (Ossuary)
  19 kobolds
  9 kobold zombies (Ossuary)
  8 orc zombies (Ossuary)
  A quokka skeleton (D:4)
  14 rats
  A rat zombie (Ossuary)
346 creatures vanquished.

Vanquished Creatures (others)
  3 fungi (D:2)
  9 plants
12 creatures vanquished.

Grand Total: 358 creatures vanquished

Notes
Turn   | Place    | Note
-------+----------+-------------------------------------------
     0 | D:1      | Demosthentine the Merfolk Gladiator began the quest for the
                  | Orb.
     0 | D:1      | Reached XP level 1. HP: 16/16 MP: 1/1
   210 | D:1      | Reached XP level 2. HP: 23/23 MP: 2/2
   601 | D:1      | Reached XP level 3. HP: 28/28 MP: 3/3
   917 | D:2      | Reached skill level 5 in Polearms
   986 | D:2      | Reached skill level 1 in Armour
   986 | D:2      | Reached XP level 4. HP: 26/34 MP: 1/4
  1611 | D:2      | Found a faded altar of an unknown god.
  1634 | D:2      | Got Plato's Catalogue of Attacks
  1963 | D:3      | Reached skill level 5 in Dodging
  2183 | D:3      | Found an ancient bone altar of Kikubaaqudgha.
  2403 | D:3      | Reached XP level 5. HP: 41/41 MP: 5/5
  2731 | D:4      | Found a glowing drain.
  2755 | Sewer    | Entered a sewer
  2910 | Sewer    | Noticed a kobold brigand
  2922 | Sewer    | Killed a kobold brigand
  2923 | Sewer    | Reached skill level 6 in Polearms
  2923 | Sewer    | Reached XP level 6. HP: 37/48 MP: 4/6
  3009 | Sewer    | Found a white marble altar of Elyvilon.
  3034 | Sewer    | Became a worshipper of Elyvilon the Healer
  3511 | D:4      | Found an opulent altar of Gozag.
  3549 | D:4      | Found a runed translucent door.
  3550 | D:4      | Noticed Crazy Yiuf
  3581 | D:4      | Found a shimmering altar of Xom.
  3606 | D:4      | Reached XP level 7. HP: 26/55 MP: 3/7
  4259 | D:4      | Killed Crazy Yiuf
  4349 | D:5      | Entered Level 5 of the Dungeon
  4404 | D:5      | Noticed Grinder
  4420 | D:5      | Paralysed by Grinder for 4 turns
  4425 | D:5      | Killed Grinder
  4426 | D:5      | Reached skill level 5 in Fighting
  4426 | D:5      | Reached skill level 7 in Polearms
  4872 | D:5      | Reached XP level 8. HP: 30/62 MP: 3/8
  5071 | D:5      | Found a sparkling altar of Nemelex Xobeh.
  5128 | D:5      | Reached skill level 8 in Polearms
  5256 | D:5      | Reached * piety under Elyvilon
  5585 | D:5      | Found a staircase to the Ecumenical Temple.
  5729 | Temple   | Entered the Ecumenical Temple
  5951 | Temple   | Fell from the grace of Elyvilon
  5951 | Temple   | Became a worshipper of the Shining One
  6143 | D:6      | Found a stormy altar of Qazlal.
  6144 | D:6      | Found a sacrificial altar of Ru.
  6146 | D:6      | Found a blossoming altar of Fedhas.
  6857 | D:6      | Reached * piety under the Shining One
  6993 | D:6      | Reached skill level 9 in Polearms
  6993 | D:6      | Reached XP level 9. HP: 68/71 MP: 9/9
  7072 | D:6      | Found a basalt altar of Yredelemnul.
  7135 | D:6      | Reached ** piety under the Shining One
  7616 | D:7      | Found a sand-covered staircase.
  7650 | Ossuary  | Entered an ossuary
  7699 | Ossuary  | Reached *** piety under the Shining One
  7817 | Ossuary  | Reached skill level 10 in Polearms
  7836 | Ossuary  | Reached **** piety under the Shining One
  8540 | D:8      | Found a white marble altar of Elyvilon.
  8572 | D:8      | Reached skill level 5 in Armour
  8708 | D:8      | Reached XP level 10. HP: 80/80 MP: 10/10
  9054 | D:8      | Found a runed translucent gate.
  9056 | D:8      | Found a runed translucent gate.
  9143 | D:8      | Found a runed translucent gate.
  9143 | D:8      | Noticed a brown ugly thing
  9460 | D:8      | Noticed a purple ugly thing
  9460 | D:8      | Noticed a green ugly thing
  9461 | D:8      | Noticed a red ugly thing
  9462 | D:8      | Noticed a cyan ugly thing
  9482 | D:8      | Killed a cyan ugly thing
  9483 | D:8      | Reached skill level 10 in Dodging
  9490 | D:8      | Killed a purple ugly thing
  9491 | D:8      | Reached skill level 11 in Polearms
  9501 | D:8      | Killed a white ugly thing
  9511 | D:8      | Killed a white ugly thing
  9515 | D:8      | HP: 5/123 [white ugly thing (23)]
  9524 | D:8      | Killed a white ugly thing
  9800 | D:8      | Found a runed translucent gate.
  9800 | D:8      | Found a runed translucent gate.
  9806 | D:8      | Found a runed translucent gate.
  9808 | D:8      | Noticed wesbby's ghost (novice MiBe)
  9808 | D:8      | Reached ***** piety under the Shining One
  9808 | D:8      | Noticed a cane toad
  9808 | D:8      | a blink frog changed into a cane toad
  9812 | D:8      | Noticed an unseen horror
  9812 | D:8      | a cane toad changed into an unseen horror
  9913 | D:9      | Noticed a two-headed ogre
  9929 | D:9      | Killed a two-headed ogre
  9930 | D:9      | Reached skill level 12 in Polearms
 10386 | D:9      | Found a staircase to the Orcish Mines.
 10392 | D:9      | Reached XP level 11. HP: 89/89 MP: 12/12
 10582 | D:9      | Noticed a sixfirhy
 10741 | D:9      | Noticed Grum
 10774 | D:9      | Killed Grum
 11444 | D:10     | Entered Level 10 of the Dungeon
 11824 | D:10     | Noticed a cyan ugly thing
 11840 | D:10     | Killed a cyan ugly thing
 11964 | D:10     | Noticed a centaur warrior
 11974 | D:10     | Killed a centaur warrior
 12250 | D:10     | Reached skill level 10 in Fighting
 12564 | D:10     | Identified a scroll of acquirement
 12564 | D:10     | Acquired 1195 gold pieces
 12626 | D:11     | Noticed Urug
 12644 | D:11     | Killed Urug
 12645 | D:11     | Reached skill level 13 in Polearms
 12650 | D:11     | Noticed a cyclops
 12656 | D:11     | Reached skill level 5 in Invocations
 12671 | D:11     | Killed a cyclops
 13277 | D:11     | Found a portal to a secret trove of treasure.
 13449 | D:11     | Noticed a five-headed hydra
 13460 | D:11     | Killed a five-headed hydra
 13660 | D:11     | Noticed Harold
 13677 | D:11     | Killed Harold
 13678 | D:11     | Reached XP level 12. HP: 77/99 MP: 10/16
 13854 | D:11     | Found a staircase to the Lair.
 14383 | D:12     | Noticed a boulder beetle
 14405 | D:12     | Killed a boulder beetle
 14406 | D:12     | Reached skill level 14 in Polearms
 15392 | D:12     | Noticed a six-headed hydra
 15410 | D:12     | Killed a six-headed hydra
 15807 | D:13     | Noticed a tengu warrior
 15814 | D:13     | Killed a tengu warrior
 15849 | D:13     | Noticed a two-headed ogre
 15859 | D:13     | Killed a two-headed ogre
 15908 | D:13     | Reached ****** piety under the Shining One
 15933 | D:13     | Reached skill level 15 in Polearms
 15941 | D:13     | Slain by a white ugly thing

Illustrated notes

Levels and vault maps discovered:
D:1:      ebering_trefoil_3fold, layout_basic, corner_web_ring
D:2:      layout_basic, shapermc_ecumenical_altar_rom_forum
D:3:      minmay_octagon_keep, layout_basic, kennysheep_vampire_church
D:4:      cheibrodos_quashed, layout_basic, mainiacjoe_overflow_catwalk_spiral,
          portal_sewer_entry_b, chequers_serial_rivers_small_b,
          uniq_crazy_yiuf_cottage
D:5:      layout_rooms, nicolae_overflow_crystal_walls,
          minmay_temple_entry_fiery, corexii_leaking_fountain,
          minmay_hedge_maze, uniq_grinder
D:6:      layout_loops_corners, lemuel_mausoleum_altar_yredelemnul,
          chequers_temple_overflow_statue_of_worship
D:7:      layout_loops_cross, enter_ossuary_1, due_unseen_surprise
D:8:      layout_basic, elyvilon_altar_5,
          ploomutoo_gammafunk_ghost_potion_laboratory
D:9:      layout_loops_ring, erik_orc_1, uniq_grum
D:10:     layout_roguey, nrook_mini_vaults
D:11:     layout_loops_ring, david_lair_shrubbed,
          nicolae_trove_entry_free_sample, minmay_misc_feat_encased, uniq_urug,
          uniq_harold
D:12:     layout_irregular_city
D:13:     layout_roguey, hangedman_abyss_or_decor_stagger,
          brannock_xom_greatest_gift
Temple:   oiseaux_autumnal_temple

Skill      XL: |  1  2  3  4  5  6  7  8  9 10 11 12 |
---------------+-------------------------------------+-----
Polearms       | 5 6 7 9 10 12 13 15 | 15.0
Armour         | 1 2 3 4 5 |  5.8
Fighting       | 3 4 5 6 7 9 10 11 | 11.7
Dodging        | 5 6 7 8 9 11 12 13 | 13.9
Invocations    | 2 5 8 |  8.1
Throwing       | |  2.0

Action                   |  1- 3 |  4- 6 |  7- 9 | 10-12 || total
-------------------------+-------+-------+-------+-------++-------
Melee: Trident           |   121 |   265 |   509 |   724 ||  1619
       Tailslap          |       |     1 |       |       ||     1
Throw: Throwing net      |       |       |     2 |     1 ||     3
  Use: Scroll            |     4 |     4 |     9 |     3 ||    20
       Potion            |       |       |     2 |    12 ||    14
 Stab: Sleeping          |     1 |       |       |       ||     1
       Distracted        |       |     1 |       |       ||     1
Armor: Leather armour    |    34 |    69 |    59 |    46 ||   208
       Skin              |       |       |       |    19 ||    19
       Troll leather arm |       |       |       |    27 ||    27
Dodge: Dodged            |    70 |   149 |   222 |   437 ||   878

Table legend: (Time is in decaauts)
 A = Elapsed time spent in this place.
 B = Non-inter-level travel time spent in this place.
 C = Inter-level travel time spent in this place.
 D = Time resting spent in this place.
 E = Time spent auto-exploring this place.
 F = Levels seen in this place.
 G = Mean time per level.
                   A        B        C        D        E       F      G
               +--------+--------+--------+--------+--------+-----+--------+
         Total |  15555 |  15051 |    504 |    385 |  12437 |  16 |  972.2 |
       Dungeon |  14803 |  14320 |    483 |    385 |  11971 |  13 | 1138.7 |
        Temple |    219 |    198 |     21 |      0 |    174 |   1 |  219.0 |
         Sewer |    277 |    277 |      0 |      0 |    201 |   1 |  277.0 |
       Ossuary |    255 |    255 |      0 |      0 |     90 |   1 |  255.0 |
               +--------+--------+--------+--------+--------+-----+--------+

Top non-repeatable levels by time:
     D:4: 1707 daAuts
    D:12: 1676 daAuts
     D:8: 1601 daAuts
     D:6: 1518 daAuts
    D:11: 1328 daAuts
     D:9: 1277 daAuts
    D:10: 1151 daAuts
     D:5: 1029 daAuts
     D:3: 927 daAuts
     D:1: 914 daAuts
     D:2: 850 daAuts
     D:7: 659 daAuts
   Sewer: 277 daAuts
 Ossuary: 255 daAuts
  Temple: 219 daAuts
